 Dungeon Crawl Stone Soup version 0.27-a0-1116-g91b3acb402 (webtiles) character file.

Game seed: 10123637132793883423

116 funkygono the Firebug (level 4, -24/30 HPs)
             Began as a Demonspawn Fire Elementalist on May 1, 2021.
             Killed from afar by a steam dragon (26 damage)
             ... with a ball of steam
             ... on level 4 of the Dungeon.
             The game lasted 00:06:13 (4072 turns).

funkygono the Firebug (DsFE)                        Turns: 4072, Time: 00:06:16

Health: -24/30     AC:  4    Str:  5 (8)  XL:     4   Next: 70%
Magic:  3/8        EV: 12    Int: 21 (23) God:
Gold:   140        SH:  0    Dex: 13 (14) Spells: 1/9 levels left

rFire    . . .     SeeInvis .   h - +0 dagger (freeze)
rCold    . . .     Faith    .   (no shield)
rNeg     . . .     Spirit   .   a - +0 robe
rPois    .         Reflect  .   (no helmet)
rElec    .         Harm     .   (no cloak)
rCorr    .         Rampage  .   (no gloves)
Will     .....                  (no boots)
Stlth    ++........             (no amulet)
HPRegen  0.10/turn              f - +6 ring of intelligence
MPRegen  0.11/turn              (no ring)

@: attractive
A: slimy green scales 1, demonic magic 1
a: no special abilities


You were on level 4 of the Dungeon.
You visited 1 branch of the dungeon, and saw 4 of its levels.

You collected 140 gold pieces.

Inventory:

Hand Weapons
 d - a +1 short sword
 h - a +0 dagger of freezing (weapon)
 k - a +0 falchion
Missiles
 b - 68 stones
Armour
 a - a +0 robe (worn)
 l - a +0 leather armour
Jewellery
 f - a +6 ring of intelligence (left hand)
Wands
 i - a wand of acid (13)
 j - a wand of iceblast (5)
Scrolls
 o - a scroll of teleportation
 p - a scroll of brand weapon {unknown}
Potions
 m - a potion of might {unknown}
 n - a potion of haste {unknown}


   Skills:
 + Level 0.3 Fighting
 + Level 2.1 Dodging
 - Level 1.7 Stealth
 * Level 3.1 Spellcasting
 * Level 2.0 Conjurations
 * Level 3.7 Fire Magic


You had one spell level left.
You knew the following spells:

 Your Spells              Type           Power      Damage    Failure   Level
a - Foxfire               Conj/Fire      60%        2x1d7     4%          1
b - Conjure Flame         Conj/Fire      15%        6-21      12%         3
c - Sticky Flame          Conj/Fire      15%        2d4       36%         4

Your spell library contained the following spells:

 Spells                   Type           Power      Damage    Failure   Level
 Inner Flame              Hex/Fire       11%        N/A       19%         3
 Fireball                 Conj/Fire      7%         3d5       73%         5


Dungeon Overview and Level Annotations

Branches:
Dungeon (4/15)
 Temple: D:4-7

Altars:
Qazlal
Uskayaw


Innate Abilities, Weirdness & Mutations

You are partially covered in slimy green scales. (AC +2)
Spells you cast may paralyse adjacent enemies.


Message History

Casting: Foxfire (safe; 3% risk of failure)
Confirm with . or Enter, or press ? or * to list all spells.
You conjure some foxfire!
Malevolent energies surge around you.
The foxfire hits the steam dragon but does no damage.
The foxfire hits the steam dragon.
The steam dragon is lightly wounded.
The steam dragon breathes steam at you. The ball of steam hits your foxfire.
Your foxfire resists.
The ball of steam hits you!!
Ouch! That really hurt!
Casting: Foxfire (safe; 3% risk of failure)
Confirm with . or Enter, or press ? or * to list all spells.
You conjure some foxfire!
Malevolent energies surge around you.
You are engulfed in a cloud of scalding steam.
* * * LOW HITPOINT WARNING * * *
The foxfire hits the steam dragon.
The steam dragon is lightly wounded.
The foxfire hits the steam dragon.
The steam dragon is lightly wounded.
The steam dragon breathes steam at you. The ball of steam misses you.
Okay, then.
The foxfire hits the steam dragon.
The steam dragon is moderately wounded.
The foxfire hits the steam dragon.
The steam dragon is heavily wounded.
It was a potion of attraction.
You feel attractive to monsters.
It was a potion of degeneration.
There was something very wrong with that liquid.
You feel weakened.
You feel dopey.
You feel clumsy. The steam dragon closely misses you.
The steam dragon misses you.
It was a potion of cancellation.
Your magical effects are unravelling.
You feel magically purged. The steam dragon breathes steam at you.
The ball of steam hits you!!
Ouch! That really hurt!
You die...

.......#...<..#.......#
.......#......#.......#
######'########.......#
.....................##
.....................#
.....................#
.....................#
.....................#+# .
##############..@..###.##..
#..D..#.......
#.....#.......
#....†'.......
#.....###+####
##'#.).......
...g....#.†.......
........+.........
..."....#.........


You could see a steam dragon (catching breath).

Vanquished Creatures
  3 adders
  2 dart slugs (D:2)
  3 orcs (D:3)
  6 endoplasms
  2 giant cockroaches
  4 goblins
  7 hobgoblins
  18 jackals
  A quokka (D:3)
  4 ball pythons
  8 bats
  4 frilled lizards
  5 kobolds
  6 rats
73 creatures vanquished.

Vanquished Creatures (others)
  208 foxfires
208 creatures vanquished.

Grand Total: 281 creatures vanquished

Notes
Turn   | Place    | Note
-------+----------+-------------------------------------------
     0 | D:1      | funkygono the Demonspawn Fire Elementalist began the quest
                  | for the Orb.
     0 | D:1      | Reached XP level 1. HP: 13/13 MP: 3/3
   287 | D:1      | Gained mutation: You are partially covered in slimy green
                  | scales. (AC +2) [demonic ancestry]
   287 | D:1      | Reached XP level 2. HP: 16/19 MP: 3/5
   701 | D:1      | Found a faded altar of an unknown god.
  1440 | D:1      | Reached XP level 3. HP: 24/24 MP: 4/6
  1698 | D:1      | Learned a level 3 spell: Conjure Flame
  2337 | D:2      | Gained mutation: Spells you cast may paralyse adjacent
                  | enemies. [demonic ancestry]
  2337 | D:2      | Reached XP level 4. HP: 26/30 MP: 6/8
  2591 | D:2      | Learned a level 4 spell: Sticky Flame
  3493 | D:3      | Found a stormy altar of Qazlal.
  3493 | D:3      | Found a hide-covered altar of Uskayaw.
  4056 | D:4      | Noticed a steam dragon
  4072 | D:4      | Killed from afar by a steam dragon

Illustrated notes

Levels and vault maps discovered:
D:1:      dpeg_arrival_court, layout_basic, ebering_ecumenical_altar_webs
D:2:      layout_rooms, chequers_serial_rivers_micro_a, nrook_loot_triangle,
          minmay_hexomino_f4
D:3:      layout_basic, gammafunk_temple_overflow_elements
D:4:      layout_gridville, grunt_temple_overflow_order_and_chaos_2,
          minmay_temple_entry_proselytizer

Skill      XL: |  1  2  3  4 |
---------------+-------------+-----
Dodging        | 2 |  2.1
Fire Magic     | 3 |  3.7
Conjurations   | 2 |  2.0
Spellcasting   | 3 |  3.1
Fighting       | |  0.3
Stealth        | |  1.7

Action                   |  1- 3 |  4- 6 || total
-------------------------+-------+-------++-------
Melee: Short sword       |     6 |     1 ||     7
       Dagger            |       |     1 ||     1
 Cast: Foxfire           |    80 |    44 ||   124
  Use: Scroll            |     2 |     4 ||     6
       Potion            |       |     3 ||     3
Armor: Robe              |    23 |     1 ||    24
Dodge: Dodged            |    50 |     4 ||    54

Table legend: (Time is in decaauts)
 A = Elapsed time spent in this place.
 B = Non-inter-level travel time spent in this place.
 C = Inter-level travel time spent in this place.
 D = Time resting spent in this place.
 E = Time spent auto-exploring this place.
 F = Levels seen in this place.
 G = Mean time per level.
                   A        B        C        D        E       F      G
               +--------+--------+--------+--------+--------+-----+--------+
         Total |   4071 |   4035 |     36 |     64 |   3442 |   4 | 1017.8 |
       Dungeon |   4071 |   4035 |     36 |     64 |   3442 |   4 | 1017.8 |
               +--------+--------+--------+--------+--------+-----+--------+

Top non-repeatable levels by time:
     D:1: 1702 daAuts
     D:3: 1076 daAuts
     D:2: 904 daAuts
     D:4: 387 daAuts
